Map: 16-Bit LE

Players

NORTHAMERICA

  • Race: Protoss Protoss
  • League: Grandmaster
  • Spawn Location: 1:00

SuperNova - Winner!

  • Race: Terran Terran
  • League: Grandmaster
  • Spawn Location: 7:00

VOD

Have the link to the VOD?

Description

Time

  • Played on: July 2, 2018, 12:57 a.m.
  • Length: 15:32
Show
View Real Time Build Order
Export as new Build Order

NORTHAMERICA Protoss 

Build Orders: 1 Gate Expand, Blink Stalkers 

Get SALT Encoding   

  12  0:02  Probe  
  13  0:14  Probe  
  13  0:18  Pylon  
  14  0:26  Probe  
  15  0:34  Probe  
  15  0:38  Gateway  
  16  0:43  Probe  
  17  0:52  Assimilator  
  17  0:53  Probe  
  18  1:05  Probe  
  19  1:18  Probe  
  20  1:25  Nexus  
  20  1:30  Probe  
  21  1:38  Cybernetics Core  
  21  1:43  Probe  
  22  1:47  Assimilator  
  22  1:56  Pylon  
  22  1:58  Probe  
  23  2:06  Adept  
  23  2:14  Probe  
  26  2:26  Probe  
  26  2:28  Twilight Council  
  27  2:31  Warp Gate  
  27  2:32  Stalker  
  29  2:39  Probe  
  29  2:41  Pylon  
  28  2:49  Probe  
  28  2:50  Probe  
  28  2:57  Probe  
  28  2:58  Probe  
  32  3:06  Probe, Blink  
  32  3:07  Probe  
  34  3:18  Probe x2  
  35  3:26  Probe  
  36  3:30  Probe  
  38  3:35  Pylon  
  38  3:36  Probe  
  39  3:42  Adept, Probe  
  39  3:48  Probe  
  43  3:49  Robotics Facility  
  43  3:54  Probe  
  44  3:56  Gateway  
  44  4:02  Gateway  
  44  4:08  Probe  
  44  4:09  Probe  
  45  4:12  Assimilator  
  45  4:20  Probe, Pylon  
  45  4:21  Probe  
  47  4:32  Probe  
  47  4:33  Probe  
  47  4:36  Nexus  
  47  4:37  Pylon  
  49  4:40  Observer  
  49  4:44  Probe  
  49  4:45  Probe  
  52  4:53  Forge  
  52  4:57  Probe  
  53  5:01  Probe  
  53  5:05  Stalker x3  
  53  5:06  Observer  
  59  5:12  Probe  
  58  5:20  Shield Battery  
  58  5:21  Probe x2  
  60  5:28  Protoss Ground Weapons Level 1  
  60  5:30  Probe  
  60  5:32  Stargate  
  60  5:33  Probe  
  62  5:42  Assimilator  
  62  5:43  Probe  
  62  5:45  Probe  
  64  5:55  Probe, Pylon  
  64  5:56  Probe  
  64  5:59  Stalker x2  
  64  6:00  Probe  
  68  6:07  Probe  
  68  6:08  Probe  
  68  6:11  Probe  
  70  6:15  Probe  
  70  6:16  Probe  
  71  6:19  Probe  
  74  6:26  Probe x2  
  74  6:28  Probe  
  77  6:36  Assimilator  
  77  6:38  Probe x2, Pylon, Assimilator  
  79  6:40  Probe  
  79  6:42  Pylon  
  80  6:50  Probe x2  
  80  6:52  Fleet Beacon, Probe  
  80  6:53  Stargate  
  83  6:59  Protoss Air Weapons Level 1  
  83  7:02  Probe  
  83  7:03  Probe  
  83  7:04  Probe  
  86  7:13  Photon Cannon  
  86  7:14  Probe  
  86  7:15  Probe  
  88  7:20  Photon Cannon  
  88  7:23  Photon Cannon  
  88  7:24  Tempest x2  
  88  7:32  Protoss Shields Level 1, Stargate  
  88  7:35  Pylon  
  100  7:56  Cybernetics Core  
  100  7:57  Pylon x2, Nexus  
  100  8:00  Tempest  
  100  8:09  Zealot x2  
  110  8:13  Tempest  
  110  8:20  Tempest  
  110  8:21  Sentry  
  110  8:24  Protoss Air Armor Level 1  
  124  8:31  Photon Cannon  
  124  8:33  Photon Cannon  
  124  8:35  Tempest  
  124  8:38  Assimilator  
  122  8:42  Assimilator  
  122  8:43  Photon Cannon  
  122  8:45  Pylon  
  122  8:48  Tempest  
  128  8:49  Pylon  
  128  8:59  Charge  
  128  9:00  Warp Prism  
  134  9:10  Adept x3  
  140  9:17  Tempest x2  
  152  9:35  Robotics Bay  
  152  9:36  Tempest  
  158  9:39  Gateway x2  
  158  9:41  Protoss Air Weapons Level 2  
  158  9:43  Protoss Shields Level 2  
  156  9:58  Photon Cannon  
  156  10:03  Photon Cannon x2  
  156  10:07  Tempest, Photon Cannon  
  156  10:11  Tempest  
  162  10:18  Tempest  
  172  10:33  Protoss Air Armor Level 2  
  170  10:55  Pylon  
  170  10:57  Pylon  
  170  10:59  Pylon  
  170  11:00  Pylon  
  170  11:03  Oracle  
  170  11:06  Tempest, Stargate  
  170  11:07  Tempest  
  182  11:19  Gravitic Drive  
  182  11:21  Adept  
  182  11:24  Adept x2  
  176  11:28  Probe  
  176  11:33  Tempest  
  176  11:46  Oracle  
  182  11:48  Protoss Air Weapons Level 3  
  182  11:49  Zealot x4  
  193  11:58  Tempest  
  191  12:38  Gateway, Templar Archives  
  191  12:43  Gateway  
  191  12:52  Zealot x3  
  191  12:53  Nexus, Zealot  
  191  12:54  Gateway  
  191  12:56  Pylon  
  180  13:17  Tempest  
  183  13:32  Psionic Storm, Zealot x5  
  193  13:38  Oracle  
  193  13:48  Assimilator  
  182  13:51  Disruptor  
  182  13:53  High Templar x2  
  182  13:54  High Templar x3  
  182  13:55  Oracle  
  189  14:05  Oracle  
  195  14:23  Photon Cannon  
  193  14:24  Photon Cannon  
  193  14:27  Disruptor  
  196  14:34  Pylon  
  196  14:36  Zealot  
  198  14:42  Probe x2  
Show
View Real Time Build Order
Export as new Build Order

SuperNova Terran - Winner!

Build Orders: Reaper Expand, Mech, Banshee Rush 

Get SALT Encoding   

  12  0:00  SCV  
  13  0:13  SCV  
  14  0:18  Supply Depot  
  14  0:25  SCV  
  15  0:39  SCV  
  15  0:40  Barracks  
  16  0:45  Refinery  
  16  0:51  SCV  
  17  1:03  SCV  
  18  1:15  SCV  
  19  1:27  Orbital Command  
  19  1:30  Reaper  
  20  1:46  Command Center  
  20  1:53  SCV  
  21  1:58  Supply Depot  
  21  2:02  Marine  
  21  2:06  SCV  
  23  2:10  Factory  
  23  2:16  Refinery  
  23  2:20  SCV  
  24  2:24  Barracks Reactor  
  24  2:32  SCV  
  25  2:44  SCV  
  25  2:56  Starport, SCV  
  25  2:58  Orbital Command  
  26  3:08  SCV  
  26  3:09  Barracks Tech Lab, Hellion  
  26  3:10  Hellion  
  31  3:20  SCV  
  31  3:24  SCV  
  33  3:32  SCV  
  34  3:36  SCV  
  34  3:41  Cloaking Field, Banshee  
  35  3:43  Widow Mine  
  35  3:45  SCV  
  35  3:46  Supply Depot  
  35  3:47  Widow Mine  
  35  3:48  SCV  
  44  3:52  Supply Depot  
  44  3:57  SCV  
  44  4:00  SCV  
  42  4:10  Command Center  
  42  4:11  SCV  
  42  4:12  SCV  
  44  4:24  SCV x2  
  45  4:26  Refinery, Banshee  
  49  4:36  SCV x2  
  49  4:38  Refinery  
  51  4:40  Cyclone  
  51  4:42  Cyclone  
  57  4:48  SCV  
  57  4:49  SCV  
  57  4:50  Supply Depot  
  59  5:00  SCV  
  59  5:01  SCV  
  61  5:12  SCV  
  61  5:13  SCV  
  63  5:17  Cyclone  
  63  5:18  Cyclone  
  63  5:20  Supply Depot  
  69  5:23  Orbital Command  
  69  5:24  SCV  
  69  5:25  SCV  
  71  5:35  Raven  
  73  5:36  SCV  
  73  5:37  SCV  
  73  5:39  Factory  
  75  5:48  SCV  
  75  5:49  SCV, Factory  
  77  5:54  Engineering Bay  
  77  6:00  Cyclone, SCV  
  77  6:01  SCV  
  77  6:02  Orbital Command  
  77  6:04  Cyclone  
  85  6:06  Supply Depot  
  85  6:07  Supply Depot  
  85  6:13  SCV x2  
  84  6:20  Barracks Tech Lab  
  84  6:25  SCV x2  
  85  6:27  SCV  
  85  6:30  Starport Reactor  
  87  6:36  Refinery  
  87  6:37  Refinery, SCV x2  
  87  6:38  Siege Tank  
  87  6:39  SCV  
  93  6:44  Siege Tank  
  93  6:45  Hellion x2  
  100  6:49  Supply Depot, SCV  
  100  6:50  Supply Depot, SCV  
  100  6:51  SCV  
  103  6:57  Armory  
  103  6:58  Armory  
  103  7:01  SCV  
  104  7:02  SCV  
  104  7:08  Hellion x2  
  109  7:10  SCV  
  110  7:18  Missile Turret  
  110  7:19  Missile Turret  
  110  7:21  Siege Tank x2, Infernal Pre-Igniter  
  116  7:23  SCV  
  116  7:24  Supply Depot  
  116  7:25  SCV x2  
  116  7:26  Supply Depot  
  116  7:28  Missile Turret x2  
  119  7:31  Missile Turret  
  119  7:32  Hellion  
  119  7:33  Hellion  
  119  7:35  Supply Depot, SCV  
  124  7:37  Supply Depot  
  124  7:43  Starport, SCV  
  125  7:46  Starport  
  125  7:47  Supply Depot  
  125  7:49  Supply Depot  
  125  7:50  Fusion Core, Terran Ship Weapons Level 1  
  125  7:55  Terran Vehicle And Ship Armor Level 1  
  125  7:56  SCV  
  126  8:04  Supply Depot  
  130  8:05  Supply Depot, Hellion x2  
  130  8:13  Siege Tank x2  
  130  8:15  Missile Turret  
  130  8:16  Missile Turret  
  136  8:23  Supply Depot, SCV x2  
  136  8:24  Starport Tech Lab  
  136  8:25  Starport Tech Lab  
  136  8:26  Supply Depot  
  138  8:29  Supply Depot  
  138  8:30  Hellion x2  
  142  8:35  Missile Turret, Supply Depot  
  142  8:46  Supply Depot  
  142  8:47  Supply Depot  
  142  8:48  Battlecruiser  
  148  8:50  Command Center  
  148  8:52  Battlecruiser  
  148  8:55  Missile Turret  
  154  8:57  Hellion x2  
  158  9:04  Starport  
  158  9:05  Starport, Barracks Tech Lab  
  158  9:14  Hellion x2  
  162  9:22  Drilling Claws  
  162  9:26  Viking x2  
  166  9:36  Missile Turret  
  166  9:39  Missile Turret  
  166  9:42  Missile Turret  
  166  9:43  Starport Tech Lab  
  166  9:49  Terran Ship Weapons Level 2, Terran Vehicle And Ship Armor Level 2  
  166  10:01  Battlecruiser  
  166  10:05  Refinery  
  172  10:08  Refinery  
  172  10:12  Command Center  
  171  10:27  Battlecruiser  
  177  10:33  Command Center  
  177  10:35  Battlecruiser  
  183  10:37  Command Center  
  183  10:38  Command Center  
  183  10:49  Planetary Fortress  
  183  10:55  Weapon Refit  
  183  11:04  Battlecruiser  
  189  11:14  Missile Turret  
  187  11:21  Battlecruiser  
  183  11:32  Battlecruiser  
  181  11:45  Battlecruiser  
  181  11:46  Command Center  
  187  11:49  Orbital Command x2  
  187  11:51  Hellion x2  
  183  11:58  Viking x2  
  187  12:02  Missile Turret  
  187  12:08  Battlecruiser  
  192  12:09  Missile Turret  
  192  12:10  Missile Turret  
  189  12:24  Terran Ship Weapons Level 3, Viking  
  189  12:28  Widow Mine x2, Viking  
  197  12:30  Widow Mine  
  197  12:32  Viking  
  197  12:36  Orbital Command  
  199  12:41  Missile Turret x2  
  199  12:42  Missile Turret  
  193  12:52  Refinery, Battlecruiser  
  193  12:53  Command Center  
  193  12:57  Refinery  
  196  12:59  Orbital Command  
  188  13:06  Battlecruiser  
  188  13:13  Widow Mine x2  
  188  13:17  Missile Turret  
  188  13:18  Missile Turret  
  183  13:26  Battlecruiser  
  189  13:27  Viking  
  189  13:28  Widow Mine x2  
  195  13:34  Viking  
  195  13:35  Widow Mine  
  195  13:40  Hi-Sec Auto Tracking  
  199  13:41  Missile Turret  
  199  13:42  Starport Tech Lab  
  198  13:53  Widow Mine x2  
  200  14:07  Refinery, Command Center  
  199  14:11  Refinery  
  198  14:27  Widow Mine  
  200  14:31  Command Center x2  
  200  14:32  Command Center  
  200  14:35  Sensor Tower  
  200  14:37  Missile Turret x2  
  200  14:44  Widow Mine  
  199  14:51  Missile Turret x2  
  197  14:53  Missile Turret  
  192  15:02  Widow Mine  
  192  15:03  Widow Mine  
  192  15:04  Widow Mine  
  192  15:06  Widow Mine  
Tags
 
Add a new tag
Caveats
  • Supply blocks, unpowered buildings, or Contaminate may cause inaccurate times.
  • Supply counts are checked every 10 seconds.